 Dungeon Crawl Stone Soup version 0.26.1-12-g5ba1501909 (webtiles) character file.

Game seed: 4255610664068351246

875 Zeld the Sneak (level 8, -2/54 HPs)
             Began as an Octopode Brigand on Oct 28, 2021.
             Was a Follower of Fedhas.
             Killed from afar by a white imp (14 damage)
             ... with a puff of frost
             ... on level 5 of the Dungeon.
             The game lasted 00:05:16 (6330 turns).

Zeld the Sneak (Octopode Brigand)                   Turns: 6330, Time: 00:05:18

Health: -2/54      AC:  1    Str: 10    XL:     8   Next: 4%
Magic:  8/8        EV: 14    Int: 13    God:    Fedhas [*.....]
Gold:   221        SH:  4    Dex: 16    Spells: 7/7 levels left

rFire    . . .     SeeInvis .   a - +2 dagger
rCold    . . .     Faith    .   k - +0 buckler
rNeg     . . .     Spirit   .   (helmet restricted)
rPois    .         Reflect  .   (no amulet)
rElec    .         Harm     .   (no ring)
rCorr    .         Rampage  .   (no ring)
Will     .....                  (no ring)
Stlth    ++++......             (no ring)
HPRegen  0.18/turn              (no ring)
MPRegen  0.11/turn              (no ring)
                                (no ring)
                                (no ring)

@: no status effects
A: almost no armour, stealthy swim, amphibious, 8 rings, constrict 8, camouflage
1, gelatinous body 1
a: Renounce Religion


You were on level 5 of the Dungeon.
You worshipped Fedhas.
Fedhas was aware of your devotion.
You visited 1 branch of the dungeon, and saw 5 of its levels.

You collected 221 gold pieces.

Inventory:

Hand Weapons
 a - a +2 dagger (weapon)
Missiles
 b - 11 poisoned darts (quivered)
 c - 2 curare-tipped darts
 e - 6 atropa-tipped darts
Armour
 k - a +0 buckler (worn)
Wands
 q - a wand of flame (11)
Scrolls
 d - 2 scrolls of magic mapping
 g - 7 scrolls of teleportation
 j - 2 scrolls of enchant armour
 n - 2 scrolls of amnesia
 p - 5 scrolls of remove curse
 r - a scroll of immolation {unknown}
 v - a scroll of random uselessness {unknown}
Potions
 f - 2 potions of curing {unknown}
 i - a potion of haste {unknown}
 l - a potion of heal wounds {unknown}
 m - a potion of magic {unknown}
 s - 2 potions of mutation {unknown}
 t - a potion of might {unknown}
 u - a potion of flight {unknown}


   Skills:
 * Level 4.5 Fighting
 * Level 4.7 Short Blades
 * Level 4.7 Throwing
 + Level 2.8 Dodging
 + Level 6.8 Stealth
 + Level 2.1 Shields


You had 7 spell levels left.
You didn't know any spells.
Your spell library was empty.

Dungeon Overview and Level Annotations

Branches:
Dungeon (5/15)
 Temple: D:4-7

Altars:
Ashenzari
Fedhas
Kikubaaqudgha
Makhleb
Okawaru
Vehumet


Innate Abilities, Weirdness & Mutations

You cannot wear most types of armour.
You are very stealthy in the water. (Stealth+)
You are amphibious.
You can wear up to eight rings at the same time.
You can use your tentacles to constrict eight enemies at once.
Your skin changes colour to match your surroundings (Stealth+).
Your rubbery body absorbs attacks. (AC +1, EV +1)


Message History

The white imp gestures at you. The puff of frost hits you.
You hit the white imp but do no damage. You constrict the white imp.
You release your grip on the white imp.
The white imp gestures at you. The puff of frost hits you!
* * * LOW HITPOINT WARNING * * *
The white imp misses you.
You hit the white imp. You grab the white imp.
Your squeeze misses the white imp.
The white imp is moderately wounded.
You constrict the white imp. You hit the white imp.
You squeeze the white imp, but do no damage.
The white imp is severely wounded.
You constrict the white imp, but do no damage.
The white imp gestures at you. The puff of frost hits you!
You die...
Fedhas appreciates your contribution to the ecosystem.

#........#....###########
## #...?....#.####
#........#.##.#
#........#....#
#############.#
##########.# ........##.#
.....(..##.# <.......?#@#
........W5.# .......!.###
.........# ........##
.....?..# #########


You could see a phantom and a white imp.

Vanquished Creatures
  Sigmund (D:4)
  3 ogres
  A centaur (D:5)
  A centaur skeleton (D:5)
  Jessica (D:2)
  2 orc wizards
  4 worker ants (D:4)
  3 gnolls (D:2)
  6 adders
  A white imp (D:5)
  An ooze (D:4)
  4 worms (D:2)
  2 dart slugs
  A leopard gecko (D:2)
  7 orcs
  4 giant cockroaches
  7 goblins
  5 hobgoblins
  2 jackals (D:4)
  2 quokkas (D:5)
  3 ball pythons
  11 bats
  4 frilled lizards
  2 kobolds
  A leopard gecko zombie (D:5)
  9 rats
88 creatures vanquished.

Vanquished Creatures (others)
  A plant (D:3)
1 creature vanquished.

Grand Total: 89 creatures vanquished

Notes
Turn   | Place    | Note
-------+----------+-------------------------------------------
     0 | D:1      | Zeld the Octopode Brigand began the quest for the Orb.
     0 | D:1      | Reached XP level 1. HP: 14/14 MP: 1/1
   304 | D:1      | Reached XP level 2. HP: 19/19 MP: 2/2
   840 | D:2      | Reached XP level 3. HP: 11/24 MP: 3/3
   915 | D:2      | Noticed Jessica
   932 | D:2      | Killed Jessica
  1069 | D:2      | Found an iron altar of Okawaru.
  1115 | D:2      | Reached XP level 4. HP: 30/30 MP: 4/4
  1276 | D:2      | Found a faded altar of an unknown god.
  1276 | D:2      | Found a broken altar of Ashenzari.
  1282 | D:2      | Found a faded altar of an unknown god.
  1287 | D:2      | Found a burning altar of Makhleb.
  1289 | D:2      | Found a radiant altar of Vehumet.
  1376 | D:2      | Found a faded altar of an unknown god.
  2130 | D:2      | Reached XP level 5. HP: 35/36 MP: 5/5
  2892 | D:3      | Found a blossoming altar of Fedhas.
  2905 | D:3      | Found an ancient bone altar of Kikubaaqudgha.
  2914 | D:3      | Became a worshipper of Fedhas Madash
  3082 | D:3      | Noticed an ogre
  3086 | D:3      | Killed an ogre
  3087 | D:3      | Reached skill level 6 in Stealth
  3087 | D:3      | Reached XP level 6. HP: 42/42 MP: 6/6
  3642 | D:4      | Reached skill level 1 in Shields
  3923 | D:4      | Noticed Sigmund
  4320 | D:4      | Killed Sigmund
  4321 | D:4      | Reached XP level 7. HP: 36/48 MP: 7/7
  4724 | D:5      | Entered Level 5 of the Dungeon
  5623 | D:4      | Reached XP level 8. HP: 37/54 MP: 8/8
  6268 | D:5      | Reached * piety under Fedhas
  6330 | D:5      | Killed from afar by a white imp

Illustrated notes

Levels and vault maps discovered:
D:1:      saegor_arrival_simple_d, layout_loops_ring, serial_bayou_pond_c
D:2:      layout_loops_ring, chequers_temple_overflow_minitemple,
          lemuel_doored_altar, chequers_ecumenical_altar_island, uniq_jessica
D:3:      layout_basic, grunt_temple_overflow_growth_and_decay
D:4:      layout_loops_ring, uniq_sigmund
D:5:      layout_basic, tgw_sif, temple_doors_ab

Skill      XL: |  1  2  3  4  5  6  7 |
---------------+----------------------+-----
Short Blades   | 3 4 |  4.7
Throwing       | 3 4 |  4.7
Fighting       | 3 4 |  4.5
Stealth        | 6 |  6.8
Dodging        | 2 |  2.8
Shields        | 1 2 |  2.1

Action                   |  1- 3 |  4- 6 |  7- 9 || total
-------------------------+-------+-------+-------++-------
Melee: Dagger            |    51 |   118 |    65 ||   234
       Constrict         |    14 |    28 |    13 ||    55
       Tentacles         |     7 |    20 |    15 ||    42
Throw: Dart              |       |       |     1 ||     1
  Use: Scroll            |       |     6 |     1 ||     7
 Stab: Sleeping          |     8 |    15 |     4 ||    27
Armor: Skin              |     4 |     9 |     2 ||    15
Dodge: Dodged            |    27 |    71 |    45 ||   143
Block: Buckler           |       |     9 |    13 ||    22
